 Dungeon Crawl Stone Soup version 0.29.1-14-g9c671dbff4 (webtiles) character file.

Game seed: 12480332835142793953

5103 croobank the Covert (level 10, -1/69 HPs)
             Began as an Octopode Delver on Feb 15, 2023.
             Was an Initiate of Gozag.
             Slain by a death yak (23 damage)
             ... on level 10 of the Dungeon.
             The game lasted 01:08:57 (8626 turns).

croobank the Covert (Octopode Delver)               Turns: 8626, Time: 01:08:58

Health: -1/69      AC: 11    Str: 12    XL:     10   Next: 57%
Magic:  25/26      EV: 15    Int: 16    God:    Gozag
Gold:   1127       SH:  8    Dex: 14    Spells: 16/19 levels left

rFire   . . .      SeeInvis +   G - +2 war axe
rCold   . . .      Faith    .   h - +3 buckler "Vyath" {MP+9 SInv}
rNeg    . . .      Spirit   .   (helmet restricted)
rPois   .          Reflect  .   t - amulet of regeneration
rElec   .          Harm     .   l - ring of resist corrosion
rCorr   +          Rampage  .   C - +4 ring of slaying
Will    .....                   L - +4 ring of protection
Stlth   ++++++....              (no ring)
HPRegen 1.01/turn               (no ring)
MPRegen 0.20/turn               (no ring)
                                (no ring)
                                (no ring)

@: ice-armoured
A: almost no armour, amphibious, 8 rings, camouflage 1, gelatinous body 1,
(nimble swimmer 1), tentacles
a: Renounce Religion, Potion Petition, Call Merchant, Bribe Branch


You were on level 10 of the Dungeon.
You worshipped Gozag.
Gozag was most pleased with you.
You visited 2 branches of the dungeon, and saw 11 of its levels.

You collected 1348 gold pieces.
You paid 221 gold pieces to Gozag.

Inventory:

Hand Weapons
 a - a +0 hand axe
 m - a +0 trident
 p - a +0 sling
 y - a +1 quarterstaff of speed
 G - a +2 war axe (weapon)
 I - a +0 morningstar
 P - a +0 scimitar
 Q - a +0 dagger of holy wrath
Missiles
 e - 3 boomerangs
 F - 21 poisoned darts
 J - 6 datura-tipped darts
Armour
 h - the +3 buckler "Vyath" (worn) {MP+9 SInv}
   (You acquired it on level 5 of the Dungeon)

   MP:        It affects your magic capacity (+9).
   SInv:      It lets you see invisible.
 s - an orb of light
Jewellery
 l - a ring of resist corrosion (left tentacle)
 t - an amulet of regeneration (around mantle)
 C - a +4 ring of slaying (right tentacle)
 L - a +4 ring of protection (on tentacle)
Wands
 f - a wand of digging (2)
 z - a wand of flame (8)
 H - a wand of polymorph (3)
 K - a wand of paralysis (6) (quivered)
Scrolls
 b - a scroll of fog
 c - 3 scrolls of magic mapping
 d - a scroll of fear
 g - a scroll of immolation
 i - 3 scrolls of enchant armour
 n - 8 scrolls of teleportation
 o - 2 scrolls of noise
 q - 2 scrolls of poison
 w - 2 scrolls of butterflies
 E - a scroll of blinking
Potions
 j - 3 potions of attraction
 k - 3 potions of lignification
 u - a potion of magic
 v - a potion of haste
 x - a potion of resistance
 A - a potion of brilliance {unknown}
 B - 4 potions of curing {unknown}
 D - 3 potions of flight {unknown}
 M - a potion of ambrosia
 N - a potion of cancellation {unknown}


   Skills:
 + Level 6.9 Fighting
 + Level 6.5 Axes
 + Level 6.6 Dodging
 + Level 11.2 Stealth
 - Level 3.0 Shields
 * Level 5.0 Spellcasting
 * Level 5.5 Ice Magic


You had 16 spell levels left.
You knew the following spells:

 Your Spells              Type           Power      Damage    Failure   Level
a - Ozocubu's Armour      Ice            21%        N/A       6%          3

Your spell library contained the following spells:

 Spells                   Type           Power      Damage    Failure   Level
 Magic Dart               Conj           16%        1d3       21%         1
 Searing Ray              Conj           8%         2d4       30%         2
 Static Discharge         Conj/Air       4%         3-4/arc   30%         2
 Sublimation of Blood     Necr           4%         N/A       30%         2
 Dazzling Flash           Conj/Hex       8%         N/A       52%         3
 Gell's Gravitas          Tloc           4%         N/A       52%         3
 Lesser Beckoning         Tloc           4%         N/A       52%         3
 Teleport Other           Tloc           4%         N/A       52%         3
 Dispel Undead            Necr           4%         3d7       89%         4
 Fulminant Prism          Conj/Hex       2%         3d6       89%         4
 Iskenderun's Mystic Bla  Conj/Tloc      4%         2d3       89%         4
 Petrify                  Tmut/Erth      4%         N/A       89%         4
 Sticky Flame             Conj/Fire      4%         2d3       89%         4
 Irradiate                Conj/Tmut      2%         3d12      99%         5
 Starburst                Conj/Fire      2%         6d3       100%        6
 Ozocubu's Refrigeration  Ice            10%        4d9       100%        7


Dungeon Overview and Level Annotations

Branches:
Dungeon (10/15)            Temple (1/1) D:7            Lair (0/5) D:10
    Orc: D:9-12

Altars:
Ashenzari
Cheibriados
Dithmenos
Elyvilon
Fedhas
Gozag
Hepliaklqana
Kikubaaqudgha
Makhleb
Nemelex Xobeh
Okawaru
Qazlal
Ru
Sif Muna
Trog
Uskayaw
Vehumet
Wu Jian
Xom
Yredelemnul
Zin

Shops:
D:1 [

Annotations:
D:4 1 runed translucent door, Crazy Yiuf
D:5 2 transporters, AverageBear's ghost, novice DsFi
D:10 2 runed translucent doors, Jingleheimer's ghost, journeyman DjFE


Innate Abilities, Weirdness & Mutations

You cannot wear most types of armour.
You are amphibious.
You can wear up to eight rings at the same time.
Your skin changes colour to match your surroundings (Stealth+).
Your rubbery body absorbs attacks. (AC +1, EV +1)
((You are camouflaged when in or above water. (Stealth+)))
You have tentacles for arms and can constrict up to eight enemies at once.


Message History

You completely miss the death yak.
The death yak is moderately wounded.
The death yak gores you!!
You slash the death yak! You squeeze the death yak.
The death yak is heavily wounded.
You block the death yak's attack.
You completely miss the death yak.
The death yak is heavily wounded.
The death yak gores you!
You slash the death yak!
You squeeze the death yak, but do no damage.
The death yak is severely wounded.
The death yak gores you but does no damage. x2
You hit the death yak but do no damage. You squeeze the death yak.
The death yak is severely wounded.
An orc priest comes into view. It is wielding a +0 dagger.
The death yak misses you.
You barely miss the death yak.
The death yak is severely wounded.
You block the death yak's attack.
You slash the death yak!
The death yak is severely wounded.
The death yak gores you!
You feel much better.
An orc comes into view. It is wielding a +0 short sword.
The death yak gores you!
The orc shouts!
You hit the death yak. You squeeze the death yak!
The death yak is almost dead.
You hear a shout!
The death yak gores you.
The orc priest shouts!
You hit the death yak.
You squeeze the death yak, but do no damage.
The death yak is almost dead.
The death yak gores you.
An orc priest comes into view. It is wielding a +0 dagger.
The death yak gores you!!
You die...
Your body crumbles into a pile of gold.

#.....####+### $$ $
........##...##.#O#p##$####
.........#...#8.8.8.8#.#..#
P...l......?##....p....#..#
...l..Y.....#♣..###V...#..#
$.......h...##.O##.##V♣.#..#
P........#.#...#...#L..#..#
........##Y#.♣c#.⌠.#♣z##..'
#.....####@##yW#...#.V#...#
...o........#+##.#.##+#...#
###..............#........#
##+######################


You could see a death yak and an orc priest (wandering).

Vanquished Creatures
  A two-headed ogre (D:10)
  A kobold demonologist (D:9)
  A shadow (D:9)
  6 yaks
  A wyvern (D:8)
  3 black bears
  3 orc warriors
  An ice beast (D:7)
  A sky beast (D:8)
  4 ogres
  4 centaurs
  A phantom (D:5)
  3 kobold brigands
  4 bullfrogs
  A necrophage (D:4)
  4 wights (D:8)
  4 killer bees (D:8)
  2 howler monkeys
  3 hounds
  4 orc priests
  Terence (D:2)
  An iguana (D:7)
  8 orc wizards
  Robin (D:2)
  4 gnolls (D:4)
  2 adders
  A white imp (D:6)
  An ufetubus (D:6)
  2 worms
  4 dart slugs
  23 orcs
  3 ball pythons
  3 endoplasms
  4 giant cockroaches
  14 goblins
  8 hobgoblins
  16 kobolds
  4 bats
  A frilled lizard (D:3)
  3 rats
156 creatures vanquished.

Vanquished Creatures (others)
  4 toadstools (D:7)
4 creatures vanquished.

Grand Total: 160 creatures vanquished

Notes
Turn   | Place    | Note
-------+----------+-------------------------------------------
     0 | D:5      | croobank the Octopode Delver began the quest for the Orb.
     0 | D:5      | Reached XP level 1. HP: 16/16 MP: 1/1
    68 | D:6      | Found a hide-covered altar of Uskayaw.
    71 | D:5      | Noticed a black bear
   102 | D:5      | Noticed a hound
   119 | D:5      | Found a transporter.
   167 | D:5      | Found a snail-covered altar of Cheibriados.
   173 | D:5      | Reached XP level 2. HP: 20/21 MP: 2/2
   207 | D:4      | Noticed an ogre
   207 | D:4      | Found an opulent altar of Gozag.
   209 | D:4      | Found an opulent altar of Gozag.
   211 | D:4      | Found an opulent altar of Gozag.
   219 | D:4      | Found an opulent altar of Gozag.
   507 | D:2      | Found a sacrificial altar of Ru.
   562 | D:1      | Found Efrurui's Antique Armour Emporium.
   568 | D:1      | Reached XP level 3. HP: 26/26 MP: 3/3
   708 | D:1      | Reached skill level 7 in Stealth
  1572 | D:2      | Noticed Terence
  1696 | D:2      | Reached XP level 4. HP: 31/31 MP: 4/4
  1696 | D:2      | Noticed Robin
  1886 | D:2      | Killed Robin
  2460 | D:3      | Found a hazy altar of Hepliaklqana.
  2931 | D:4      | Killed an ogre
  2932 | D:4      | Reached XP level 5. HP: 10/37 MP: 5/5
  3072 | D:4      | Noticed an ogre
  3136 | D:5      | Noticed a phantom
  3147 | D:5      | Identified a scroll of acquirement
  3147 | D:5      | Acquired the +3 buckler "Vyath" {MP+9 SInv}
  3165 | D:5      | Killed a phantom
  3166 | D:5      | Reached XP level 6. HP: 28/43 MP: 6/6
  3282 | D:5      | Reached skill level 8 in Stealth
  3379 | D:5      | Reached skill level 1 in Shields
  3397 | D:5      | Found a transporter.
  3398 | D:5      | Noticed AverageBear's ghost (novice DsFi)
  3544 | D:5      | Killed a black bear
  3545 | D:5      | Reached XP level 7. HP: 21/49 MP: 7/7
  4239 | D:6      | Reached skill level 5 in Fighting
  4266 | D:6      | Reached XP level 8. HP: 31/55 MP: 8/8
  4546 | D:6      | Reached skill level 9 in Stealth
  4671 | D:6      | HP: 2/55 [ogre/+0 giant club (32)]
  5242 | D:7      | Reached skill level 5 in Axes
  5242 | D:7      | Reached skill level 5 in Dodging
  5251 | D:7      | Found a staircase to the Ecumenical Temple.
  5260 | Temple   | Entered the Ecumenical Temple
  5387 | D:4      | Became a worshipper of Gozag Ym Sagoz the Greedy
  5897 | D:4      | Found an iron altar of Okawaru.
  5903 | D:4      | Learned a level 3 spell: Ozocubu's Armour
  5985 | D:4      | Found a runed translucent door.
  5986 | D:4      | Noticed Crazy Yiuf
  6049 | D:2      | Killed Terence
  6172 | D:6      | Reached skill level 1 in Ice Magic
  6478 | D:7      | Reached skill level 1 in Spellcasting
  6757 | D:8      | Reached XP level 9. HP: 62/62 MP: 9/11
  6820 | D:8      | Reached skill level 10 in Stealth
  6928 | D:8      | Found a glowing silver altar of Zin.
  7040 | D:8      | Found a blossoming altar of Fedhas.
  7114 | D:8      | Found a sacrificial altar of Ru.
  7193 | D:8      | Found an ancient bone altar of Kikubaaqudgha.
  7348 | D:8      | Found a stormy altar of Qazlal.
  7752 | D:9      | Noticed a kobold demonologist
  7762 | D:9      | Noticed a hellwing
  7767 | D:9      | Killed a kobold demonologist
  7768 | D:9      | Reached XP level 10. HP: 66/69 MP: 12/16
  8145 | D:9      | Reached skill level 5 in Ice Magic
  8228 | D:9      | Reached skill level 11 in Stealth
  8494 | D:10     | Entered Level 10 of the Dungeon
  8494 | D:10     | Noticed a two-headed ogre
  8500 | D:10     | Killed a two-headed ogre
  8578 | D:10     | Found a runed translucent door.
  8579 | D:10     | Noticed an ogre mage
  8579 | D:10     | Noticed a centaur warrior
  8579 | D:10     | Noticed a skeletal warrior
  8583 | D:10     | Noticed a lich
  8583 | D:10     | Noticed Jingleheimer's ghost (journeyman DjFE)
  8585 | D:10     | Noticed a necromancer
  8587 | D:10     | Found a runed translucent door.
  8596 | D:10     | Found a staircase to the Lair.
  8597 | D:10     | Noticed a death yak
  8612 | D:10     | Reached skill level 5 in Spellcasting
  8626 | D:10     | Slain by a death yak

Illustrated notes

Levels and vault maps discovered:
D:1:      minmay_arrival_shattered_statue, layout_basic, serial_shops,
          nicolae_shop_hallway_stairs, minmay_misc_feat_nine_boxes
D:2:      layout_loops_cross, basic_altar, uniq_terence, uniq_robin
D:3:      layout_basic, mainiacjoe_overflow_paths, chequers_garden,
          patterned_corridor
D:4:      layout_rooms, kennysheep_okawaru_gauntlet,
          nicolae_gozag_conspicuous_consumption, uniq_crazy_yiuf_cottage
D:5:      layout_basic, kennysheep_slug_shrine, gammafunk_ghost_hive,
          minmay_misc_feat_doors, minmay_puff
D:6:      layout_gridville, nicolae_uskayaw_murder_on_the_dancefloor
D:7:      layout_cave_pods, nicolae_tso_carved_into_rock,
          minmay_temple_entry_glass, minmay_gold_behind_fungi
D:8:      layout_cave_pools, lemuel_crystal_altar, lemuel_round_altar,
          fedhas_altar_4, nicolae_overflow_crystal_walls,
          mainiacjoe_overflow_catwalk, minmay_misc_feat_chi, grunt_ministairs_6
D:9:      layout_rooms
D:10:     layout_roguey, david_lair_generic, muffindrake_ghost_dual_entry,
          corner_web_ring, kb_rosetta, uniq_sonja
Temple:   hellmonk_temple_of_storms

Skill      XL: |  1  2  3  4  5  6  7  8  9 10 |
---------------+-------------------------------+-----
Stealth        | 7 8 9 10 11 | 11.2
Fighting       | 4 5 6 |  6.9
Axes           | 3 4 5 6 |  6.5
Dodging        | 3 4 5 6 |  6.6
Shields        | 1 2 3 |  3.0
Ice Magic      | 1 4 5 |  5.5
Spellcasting   | 1 4 5 |  5.0

Action                   |  1- 3 |  4- 6 |  7- 9 | 10-12 || total
-------------------------+-------+-------+-------+-------++-------
Melee: Hand axe          |    49 |       |       |       ||    49
       Constrict         |    10 |    15 |    40 |     6 ||    71
       Tentacles         |    10 |    10 |    51 |    12 ||    83
       Quarterstaff      |     1 |    67 |   178 |    10 ||   256
       Punch             |       |     2 |     1 |     1 ||     4
       Dagger            |       |       |    23 |     5 ||    28
       War axe           |       |       |       |    48 ||    48
Throw: Dart              |       |     8 |       |       ||     8
 Cast: Ozocubu's Armour  |       |       |     2 |     1 ||     3
Evoke: Wand              |       |       |     8 |       ||     8
  Use: Potion            |       |     1 |     1 |     1 ||     3
       Scroll            |       |     3 |    15 |     2 ||    20
 Stab: Sleeping          |    22 |     5 |    20 |     3 ||    50
       Paralysed         |       |       |     7 |       ||     7
       Distracted        |       |       |       |     1 ||     1
Armor: Skin              |     1 |     3 |    32 |    11 ||    47
Dodge: Dodged            |    19 |    40 |   120 |    39 ||   218
Block: Buckler           |       |       |       |    15 ||    15
